SNL (28 & UNDER)
GAINESVILLE GUIDOS @ MONTGOMERY BISCUITS
04/28/2028
 
TOP OF THE 1ST
Gainesville Guidos batting - Pitching for Montgomery Biscuits : LHP Trevor Nichols
Pitching: LHP Trevor Nichols
Batting: SHB Cornell Payne 0-0: Ball
1-0: Ball
2-0: Ball
3-0: Called Strike
3-1: Base on Balls
Batting: RHB Craig Chapman 0-0: DOUBLE (Line Drive, 78M)
Cornell Payne to third
Batting: RHB Augusto Baca 0-0: Ball
1-0: 3-RUN HOME RUN (Flyball, 7D), Distance : 386 ft
Batting: RHB Juan Reyes 0-0: Swinging Strike
0-1: Ball
1-1: Ball
2-1: Ball
3-1: Ground out 5-3 (Groundball, 5)
Batting: RHB Denver Baker 0-0: SINGLE (Groundball, 6MD)
Batting: LHB Robbie Turner 0-0: Ground out 4-3 (Groundball, 34)
Denver Baker to second
Batting: LHB Eddy Jefferson 0-0: Called Strike
0-1: Ball
1-1: Foul Ball, location: 2F
1-2: Ball
2-2: SINGLE (Groundball, 34D)
Denver Baker to third
Runner from 3rd tries for Home, throw and OUT!
Top of the 1st over - 3 run(s), 4 hit(s), 0 error(s), 1 left on base; Gainesville 3 - Montgomery 0
BOTTOM OF THE 1ST
Montgomery Biscuits batting - Pitching for Gainesville Guidos : LHP Ben Head
Pitching: LHP Ben Head
Batting: SHB Lawrence Farley 0-0: SINGLE (Groundball, 56S) (infield hit)
Batting: LHB António Fernández 0-0: Ball
1-0: Foul Ball, location: 2F
1-1: Called Strike
1-2: Strikes out looking
Batting: RHB Jerry Johnston 0-0: Ball
1-0: Ball
2-0: Ball
3-0: Called Strike
3-1: Base on Balls
Lawrence Farley to second
Batting: RHB Bob McDonald 0-0: Called Strike
0-1: Ball
1-1: Ball
Wild Pitch!
Lawrence Farley to third
Jerry Johnston to second
2-1: Foul Ball, location: 2F
2-2: Strikes out swinging
Batting: SHB Jack Estes 0-0: Ball
1-0: Foul Ball, location: 2F
1-1: Foul Ball, location: 2F
1-2: Ball
2-2: Strikes out swinging
Bottom of the 1st over - 0 run(s), 1 hit(s), 0 error(s), 2 left on base; Gainesville 3 - Montgomery 0
TOP OF THE 2ND
Gainesville Guidos batting - Pitching for Montgomery Biscuits : LHP Trevor Nichols
Batting: RHB Adrián López 0-0: Fly out, F7 (Line Drive, 78M)
Batting: RHB Iván Moreno 0-0: Called Strike
0-1: Ball
1-1: Called Strike
1-2: Fly out, F8 (Flyball, 8RM)
Batting: SHB Cornell Payne 0-0: Called Strike
0-1: Ball
1-1: Foul Ball, location: 2F
1-2: Ball
2-2: Ground out 6-3 (Groundball, 6)
Top of the 2nd over - 0 run(s), 0 hit(s), 0 error(s), 0 left on base; Gainesville 3 - Montgomery 0
BOTTOM OF THE 2ND
Montgomery Biscuits batting - Pitching for Gainesville Guidos : LHP Ben Head
Batting: RHB Bryant von Bohlen 0-0: Ball
1-0: Ball
2-0: Ball
3-0: Base on Balls
Batting: RHB Rusty Downy 0-0: Ball
1-0: Foul Ball, location: 2F
1-1: Ball
2-1: Ball
3-1: Base on Balls
Bryant von Bohlen to second
Batting: RHB Glen MacDonald 0-0: Ball
1-0: Ball
2-0: Swinging Strike
2-1: Called Strike
2-2: Foul Ball, location: 2F
2-2: Strikes out swinging
Batting: RHB Dave Roberts 0-0: Foul Ball, location: 2F
0-1: Ball
1-1: Ball
2-1: Swinging Strike
2-2: Foul Ball, location: 2F
2-2: Foul Ball, location: 2F
2-2: Foul Ball, location: 2F
2-2: Strikes out looking
Batting: SHB Lawrence Farley 0-0: Called Strike
0-1: Ball
1-1: Ball
2-1: Ball
3-1: Called Strike
3-2: Base on Balls
Bryant von Bohlen to third
Rusty Downy to second
Batting: LHB António Fernández 0-0: Foul Ball, location: 2F
0-1: Swinging Strike
0-2: Ball
1-2: Foul Ball, location: 2F
1-2: Fielders Choice at 2nd, 4-6 (Groundball, 4)
Bottom of the 2nd over - 0 run(s), 0 hit(s), 0 error(s), 2 left on base; Gainesville 3 - Montgomery 0
TOP OF THE 3RD
Gainesville Guidos batting - Pitching for Montgomery Biscuits : LHP Trevor Nichols
Batting: RHB Craig Chapman 0-0: Ball
1-0: Swinging Strike
1-1: Fly out, F8 (Flyball, 8RS)
Batting: RHB Augusto Baca 0-0: Ball
1-0: Ball
2-0: Ball
3-0: Called Strike
3-1: Fly out, F5 (Popup, 5L)
Batting: RHB Juan Reyes 0-0: SINGLE (Line Drive, 89S)
Batting: RHB Denver Baker 0-0: Swinging Strike
0-1: Ball
1-1: Ball
2-1: Fielders Choice at 2nd, 4-6 (Groundball, 34)
Top of the 3rd over - 0 run(s), 1 hit(s), 0 error(s), 0 left on base; Gainesville 3 - Montgomery 0
BOTTOM OF THE 3RD
Montgomery Biscuits batting - Pitching for Gainesville Guidos : LHP Ben Head
Batting: RHB Jerry Johnston 0-0: SOLO HOME RUN (Flyball, 8LXD), Distance : 418 ft
Batting: RHB Bob McDonald 0-0: Foul Ball, location: 2F
0-1: Ball
1-1: Ball
2-1: Ball
3-1: SINGLE (Groundball, 56) (infield hit)
Batting: SHB Jack Estes 0-0: Ball
1-0: Called Strike
1-1: Ball
Bob McDonald steals 2nd base
2-1: Ball
3-1: Base on Balls
Batting: RHB Bryant von Bohlen 0-0: Foul Ball, location: 2F
0-1: Swinging Strike
0-2: Ball
1-2: Ball
2-2: Strikes out looking
Batting: RHB Rusty Downy 0-0: Grounds into double play, 5-4-3 (Groundball, 56)
Bottom of the 3rd over - 1 run(s), 2 hit(s), 0 error(s), 1 left on base; Gainesville 3 - Montgomery 1
TOP OF THE 4TH
Gainesville Guidos batting - Pitching for Montgomery Biscuits : LHP Trevor Nichols
Batting: LHB Robbie Turner 0-0: Called Strike
0-1: Swinging Strike
0-2: Ball
1-2: Strikes out swinging
Batting: LHB Eddy Jefferson 0-0: Ball
1-0: Called Strike
1-1: Foul Ball, location: 2F
1-2: Foul Ball, location: 2F
1-2: Strikes out swinging
Batting: RHB Adrián López 0-0: Called Strike
0-1: Ball
1-1: Swinging Strike
1-2: Strikes out swinging
Top of the 4th over - 0 run(s), 0 hit(s), 0 error(s), 0 left on base; Gainesville 3 - Montgomery 1
BOTTOM OF THE 4TH
Montgomery Biscuits batting - Pitching for Gainesville Guidos : LHP Ben Head
Batting: RHB Glen MacDonald 0-0: Ball
1-0: Foul Ball, location: 2F
1-1: Swinging Strike
1-2: Strikes out swinging
Batting: RHB Dave Roberts 0-0: Swinging Strike
0-1: Ball
1-1: Called Strike
1-2: Strikes out looking
Batting: SHB Lawrence Farley 0-0: Called Strike
0-1: Ball
1-1: Ground out 5-3 (Groundball, 56S)
Bottom of the 4th over - 0 run(s), 0 hit(s), 0 error(s), 0 left on base; Gainesville 3 - Montgomery 1
TOP OF THE 5TH
Gainesville Guidos batting - Pitching for Montgomery Biscuits : LHP Trevor Nichols
Batting: RHB Iván Moreno 0-0: Called Strike
0-1: Ball
1-1: Ground out 6-3 (Groundball, 56)
Batting: SHB Cornell Payne 0-0: Ground out 5-3 (Groundball, 5)
Batting: RHB Craig Chapman 0-0: Foul Ball, location: 2F
0-1: Swinging Strike
0-2: Foul Ball, location: 2F
0-2: Foul Ball, location: 2F
0-2: Ball
1-2: Ball
2-2: Foul Ball, location: 2F
2-2: Hit by Pitch
Batting: RHB Augusto Baca 0-0: Ball
1-0: Hit by Pitch
Craig Chapman to second
Batting: RHB Juan Reyes 0-0: Swinging Strike
0-1: Reached on error, E5 (Groundball, 56)
Craig Chapman to third
Augusto Baca to second
Batting: RHB Denver Baker 0-0: Called Strike
0-1: Swinging Strike
0-2: Strikes out swinging
Top of the 5th over - 0 run(s), 0 hit(s), 1 error(s), 3 left on base; Gainesville 3 - Montgomery 1
BOTTOM OF THE 5TH
Montgomery Biscuits batting - Pitching for Gainesville Guidos : LHP Ben Head
Batting: LHB António Fernández 0-0: Called Strike
0-1: Ball
1-1: Foul Ball, location: 2F
1-2: Foul Ball, location: 2F
1-2: Strikes out swinging
Batting: RHB Jerry Johnston 0-0: Called Strike
0-1: Foul Ball, location: 2F
0-2: Ball
1-2: Strikes out looking
Batting: RHB Bob McDonald 0-0: Called Strike
0-1: Fly out, F8 (Flyball, 8RM)
Bottom of the 5th over - 0 run(s), 0 hit(s), 0 error(s), 0 left on base; Gainesville 3 - Montgomery 1
TOP OF THE 6TH
Gainesville Guidos batting - Pitching for Montgomery Biscuits : LHP Trevor Nichols
Batting: LHB Robbie Turner 0-0: Ground out 6-3 (Groundball, 6MS)
Batting: LHB Eddy Jefferson 0-0: Ball
1-0: Swinging Strike
1-1: Foul Ball, location: 2F
1-2: Ball
2-2: Ball
3-2: Strikes out swinging
Batting: RHB Adrián López 0-0: Called Strike
0-1: Ball
1-1: Ball
2-1: Ground out 1-3 (Groundball, 13)
Top of the 6th over - 0 run(s), 0 hit(s), 0 error(s), 0 left on base; Gainesville 3 - Montgomery 1
BOTTOM OF THE 6TH
Montgomery Biscuits batting - Pitching for Gainesville Guidos : LHP Ben Head
Batting: SHB Jack Estes 0-0: Ball
1-0: Ball
2-0: Foul Ball, location: 2F
2-1: Ball
3-1: Base on Balls
Pitching: RHP Josh Higgins
Batting: RHB Bryant von Bohlen 0-0: Ball
Jack Estes steals 2nd base
1-0: Ball
2-0: Called Strike
2-1: SINGLE (Groundball, 34D)
Jack Estes to third
Batting: RHB Rusty Downy 0-0: Ball
1-0: Ball
2-0: Called Strike
2-1: Ball
3-1: Foul Ball, location: 2F
3-2: Foul Ball, location: 2F
3-2: Foul Ball, location: 2F
3-2: Fly out, F7 (Flyball, 78M)
Runner from 3rd tags up, SCORES, throw made
Batting: RHB Glen MacDonald 0-0: Foul Ball, location: 2F
0-1: Ball
1-1: Ball
2-1: Ball
3-1: Foul Ball, location: 2F
3-2: Foul Ball, location: 2F
3-2: Grounds into double play, 4-6-3 (Groundball, 4)
Bottom of the 6th over - 1 run(s), 1 hit(s), 0 error(s), 0 left on base; Gainesville 3 - Montgomery 2
TOP OF THE 7TH
Gainesville Guidos batting - Pitching for Montgomery Biscuits : LHP Trevor Nichols
Batting: RHB Iván Moreno 0-0: Called Strike
0-1: Called Strike
0-2: Ball
1-2: Ball
2-2: Ball
3-2: Strikes out swinging
Batting: SHB Cornell Payne 0-0: Ball
1-0: Ball
2-0: Ball
3-0: Called Strike
3-1: Fly out, F9 (Flyball, 9LMF)
Batting: RHB Craig Chapman 0-0: Called Strike
0-1: Ground out 6-3 (Groundball, 6MD)
Top of the 7th over - 0 run(s), 0 hit(s), 0 error(s), 0 left on base; Gainesville 3 - Montgomery 2
BOTTOM OF THE 7TH
Montgomery Biscuits batting - Pitching for Gainesville Guidos : RHP Josh Higgins
Batting: RHB Dave Roberts 0-0: Called Strike
0-1: Swinging Strike
0-2: Ball
1-2: Strikes out swinging
Batting: SHB Lawrence Farley 0-0: Called Strike
0-1: Fly out, F8 (Flyball, 8LD)
Batting: LHB António Fernández 0-0: Called Strike
0-1: Called Strike
0-2: Ball
1-2: DOUBLE (Groundball, 5L)
Batting: RHB Jerry Johnston 0-0: Ball
1-0: Ground out 5-3 (Groundball, 56)
Bottom of the 7th over - 0 run(s), 1 hit(s), 0 error(s), 1 left on base; Gainesville 3 - Montgomery 2
TOP OF THE 8TH
Gainesville Guidos batting - Pitching for Montgomery Biscuits : LHP Trevor Nichols
Batting: RHB Augusto Baca 0-0: Called Strike
0-1: Ball
1-1: Called Strike
1-2: Foul Ball, location: 2F
1-2: Ball
2-2: Ball
3-2: Foul Ball, location: 2F
3-2: Strikes out swinging
Batting: RHB Juan Reyes 0-0: Swinging Strike
0-1: Fly out, F8 (Flyball, 8LM)
Batting: RHB Denver Baker 0-0: Foul Ball, location: 2F
0-1: Ball
1-1: Called Strike
1-2: Ground out 6-3 (Groundball, 6)
Top of the 8th over - 0 run(s), 0 hit(s), 0 error(s), 0 left on base; Gainesville 3 - Montgomery 2
BOTTOM OF THE 8TH
Montgomery Biscuits batting - Pitching for Gainesville Guidos : RHP Josh Higgins
Pitching: RHP Víctor Vińa
Now at 3B: Dave Hall
Batting: RHB Bob McDonald 0-0: Ground out 6-3 (Groundball, 6)
Batting: SHB Jack Estes 0-0: Ball
1-0: SINGLE (Groundball, 4D)
Batting: RHB Bryant von Bohlen 0-0: Ball
1-0: Called Strike
1-1: Ball
2-1: Swinging Strike
2-2: Ball
3-2: Base on Balls
Jack Estes to second
Pinch Hitting: LHB Bob Jones 0-0: Ball
1-0: Called Strike
1-1: Ball
2-1: Foul Ball, location: 2F
2-2: Ball
3-2: Base on Balls
Jack Estes to third
Bryant von Bohlen to second
Batting: RHB Glen MacDonald 0-0: Ball
1-0: Called Strike
1-1: Ball
2-1: Fly out, F4 (Popup, 4)
Pinch Hitting: SHB Wilson Bray 0-0: SINGLE (Groundball, 6D)
Jack Estes scores
Bryant von Bohlen to third
Bob Jones to second
Runner from 3rd tries for Home, SAFE, no throw
Batting: SHB Lawrence Farley 0-0: Ball
1-0: Foul Ball, location: 2F
1-1: Called Strike
1-2: Foul Ball, location: 2F
1-2: Ball
2-2: Ball
3-2: Ground out 4-3 (Groundball, 4)
Bottom of the 8th over - 2 run(s), 2 hit(s), 0 error(s), 2 left on base; Gainesville 3 - Montgomery 4
TOP OF THE 9TH
Gainesville Guidos batting - Pitching for Montgomery Biscuits : LHP Trevor Nichols
Now at 2B: Roy Ayers
Now in RF: Brian MacIntosh
Pinch Hitting: SHB Kent Phillips 0-0: Called Strike
0-1: Ball
1-1: Called Strike
1-2: Fly out, F2 (Popup, 23)
Pitching: LHP Orlando Costa
Batting: LHB Eddy Jefferson 0-0: Called Strike
0-1: Ball
1-1: Ball
2-1: Foul Ball, location: 2F
2-2: Strikes out looking
Pinch Hitting: RHB Kyle O'Day 0-0: Ball
1-0: Ball
2-0: Called Strike
2-1: Swinging Strike
2-2: Ball
3-2: Strikes out swinging
Top of the 9th over - 0 run(s), 0 hit(s), 0 error(s), 0 left on base; Gainesville 3 - Montgomery 4
Tuesday, August 8th, 2017 - OOTP Baseball 17.12 Build 75